Map: Hardwire LE

Players

Bunny

  • Race: Terran Terran

Serral - Winner!

  • Race: Zerg Zerg

Event: TSL 8

VOD

Have the link to the VOD?

Description

Time

  • Played on: Dec. 5, 2021, 7:10 a.m.
  • Length: 15:35

All games in this series

Show
View Real Time Build Order
Export as new Build Order

Bunny Terran 

Build Orders: Hellion Opening, Reaper Expand 

Get SALT Encoding   

  12  0:00  SCV  
  13  0:12  SCV  
  14  0:17  Supply Depot  
  14  0:25  SCV  
  15  0:38  SCV  
  15  0:40  Barracks  
  16  0:43  Refinery  
  16  0:50  SCV  
  17  1:03  SCV  
  18  1:15  SCV  
  19  1:27  Reaper, Orbital Command  
  20  1:38  Command Center  
  20  1:46  Supply Depot  
  20  1:53  SCV  
  21  1:59  Marine  
  22  2:06  SCV  
  22  2:07  Factory  
  23  2:18  SCV  
  23  2:21  Barracks Reactor  
  24  2:30  SCV  
  25  2:40  Command Center  
  25  2:42  SCV  
  26  2:51  Orbital Command  
  26  2:54  SCV  
  26  3:08  SCV  
  26  3:10  Barracks Tech Lab  
  27  3:13  Hellion x2  
  27  3:17  SCV  
  32  3:22  SCV  
  33  3:29  SCV  
  33  3:30  Stimpack  
  33  3:32  Marine  
  35  3:34  Hellion  
  35  3:35  Hellion  
  35  3:40  SCV  
  35  3:41  SCV  
  41  3:46  Supply Depot  
  41  3:52  SCV  
  41  3:54  SCV, Orbital Command  
  41  3:55  Marine  
  44  3:56  Hellion x2  
  48  4:12  SCV x2  
  48  4:15  Marine  
  51  4:17  Engineering Bay  
  51  4:18  Supply Depot  
  51  4:20  Engineering Bay, Barracks  
  51  4:23  SCV  
  51  4:24  Barracks  
  52  4:25  SCV  
  52  4:27  Factory Reactor  
  53  4:33  SCV  
  53  4:36  Refinery x2  
  53  4:37  SCV  
  55  4:43  SCV  
  55  4:45  SCV  
  55  4:49  Refinery, Marine  
  55  4:50  SCV  
  55  4:52  Supply Depot  
  58  4:53  Terran Infantry Weapons Level 1  
  58  4:59  SCV  
  60  5:00  SCV  
  60  5:02  SCV  
  57  5:16  Marauder, Marine x3  
  56  5:25  Concussive Shells  
  56  5:28  Widow Mine  
  57  5:30  Starport  
  57  5:34  Marine x3  
  50  5:37  Marine  
  50  5:40  SCV  
  50  5:41  SCV, Orbital Command  
  40  5:51  Marine  
  40  5:52  Marine x2  
  40  5:55  Marine  
  37  6:03  SCV  
  37  6:04  SCV  
  35  6:09  Marine x2  
  35  6:10  Marine  
  34  6:12  Marine  
  34  6:13  Orbital Command  
  34  6:16  SCV x2  
  35  6:26  Widow Mine  
  35  6:27  Marine x3  
  35  6:28  SCV x2  
  43  6:38  Medivac  
  45  6:40  SCV x2  
  45  6:43  Medivac  
  45  6:45  Marine  
  45  6:46  Combat Shield  
  49  6:48  SCV  
  49  6:52  SCV x2  
  52  6:56  Marine x3  
  52  7:00  SCV  
  56  7:02  Factory Tech Lab  
  56  7:04  SCV x2  
  56  7:07  Terran Infantry Armor Level 1  
  58  7:12  SCV  
  59  7:16  SCV x2  
  59  7:17  Marine x2  
  59  7:20  Marine x2  
  65  7:27  Supply Depot  
  65  7:28  SCV x3  
  68  7:39  Supply Depot  
  68  7:48  Siege Tank  
  68  7:50  Supply Depot  
  69  7:51  Supply Depot  
  69  7:53  Marine x4  
  69  7:55  SCV  
  69  7:56  SCV x2  
  73  8:11  Marine x3  
  75  8:15  Barracks  
  71  8:20  Barracks  
  71  8:21  SCV x3  
  77  8:29  Barracks Reactor  
  77  8:30  Marauder, Marine x2  
  80  8:34  Medivac x2  
  80  8:42  SCV x3  
  80  8:44  Factory  
  80  8:47  Marine  
  80  8:48  Marine  
  85  8:51  Marauder  
  87  9:02  Marine  
  87  9:05  Siege Tank, Marine x2  
  87  9:07  Medivac  
  87  9:08  Medivac  
  87  9:09  Barracks Tech Lab, Marine  
  94  9:10  Marine  
  94  9:12  Marauder  
  98  9:18  Supply Depot  
  98  9:19  Supply Depot x2  
  98  9:20  Marine  
  99  9:28  Factory Tech Lab  
  99  9:30  Supply Depot  
  97  9:39  Supply Depot, Marine x2  
  97  9:40  Marauder, Marine x3  
  97  9:41  Marauder  
  92  9:57  Marine x2  
  92  9:58  Marine x3  
  91  10:00  Siege Tank  
  91  10:01  Marauder, Siege Tank  
  91  10:02  Marauder  
  101  10:07  Orbital Command  
  101  10:09  Supply Depot  
  101  10:12  Supply Depot  
  101  10:15  Supply Depot  
  101  10:24  Supply Depot  
  101  10:30  Marine x4  
  101  10:31  Marauder x2  
  101  10:33  Medivac, Marine  
  112  10:38  Medivac  
  114  10:47  Siege Tank x2  
  120  10:54  Marauder x2  
  122  10:58  Marine  
  122  10:59  Marine x3  
  117  11:15  Marauder, Marine  
  117  11:16  Marauder, Marine x4  
  124  11:20  Medivac  
  124  11:21  Medivac  
  128  11:32  Siege Tank  
  131  11:33  Marine  
  131  11:34  Marine  
  131  11:36  Siege Tank  
  123  11:41  Marauder  
  123  11:42  Marauder  
  112  11:53  SCV x3  
  103  11:55  Marine x5  
  108  12:02  Marine  
  108  12:03  Marauder  
  108  12:06  Liberator  
  108  12:07  Liberator  
  117  12:13  Siege Tank, Marine  
  121  12:19  Marine x2  
  121  12:21  Marauder  
  121  12:22  Marine x2  
  127  12:24  Marauder  
  129  12:32  Siege Tank  
  132  12:42  Marauder  
  131  12:45  Marine x2  
  131  12:49  Supply Depot  
  131  12:50  Supply Depot, Marine  
  131  12:51  Marine x2  
  133  12:52  Marauder  
  130  13:03  Marine x2  
  130  13:04  Marauder  
  130  13:08  Medivac, Marine x2  
  130  13:09  Marine  
  134  13:13  Marauder  
  134  13:15  Siege Tank  
  139  13:21  Marine x2  
  139  13:22  Siege Tank  
  139  13:24  Marine  
  139  13:26  Marine  
  146  13:27  Marine x2  
  148  13:34  Marine  
  148  13:38  Marine  
  148  13:39  Marine  
  151  13:42  Marine  
  151  13:44  Marine  
  151  13:45  Marine  
  154  13:49  Marine  
  154  13:52  Marine  
  155  13:59  Marine  
  84  14:20  Marauder, Marine  
  62  14:45  Marauder  
  62  14:46  Marine  
  58  14:56  Marine  
Show
View Real Time Build Order
Export as new Build Order

Serral Zerg - Winner!

Build Orders: Pool First, Lurkers 

Get SALT Encoding   

  12  0:00  Drone  
  13  0:12  Overlord  
  13  0:17  Drone  
  14  0:30  Drone x2  
  16  0:40  Spawning Pool  
  15  0:44  Drone  
  15  0:48  Drone  
  17  1:08  Hatchery  
  16  1:11  Drone  
  17  1:27  Zergling x6  
  17  1:30  Queen  
  17  1:31  Extractor  
  21  1:38  Overlord  
  21  1:49  Drone  
  22  2:00  Drone  
  23  2:05  Queen  
  25  2:10  Drone  
  26  2:20  Drone, Queen  
  26  2:21  Drone  
  30  2:32  Drone x2  
  30  2:33  Metabolic Boost  
  32  2:39  Drone x2  
  34  2:44  Drone x2  
  34  2:49  Overlord  
  36  3:05  Drone  
  36  3:08  Drone x2  
  36  3:09  Drone  
  38  3:13  Hatchery  
  38  3:15  Drone  
  38  3:17  Drone  
  39  3:20  Overlord  
  39  3:23  Drone  
  39  3:26  Drone  
  41  3:28  Drone  
  42  3:36  Roach Warren  
  42  3:38  Extractor  
  40  3:42  Zergling x4  
  40  3:47  Drone x2  
  44  3:50  Drone  
  44  3:51  Drone, Overlord  
  44  3:55  Overlord  
  46  4:03  Drone  
  49  4:17  Roach x5  
  49  4:18  Roach x3  
  49  4:22  Roach  
  65  4:25  Overlord  
  65  4:29  Zergling x6  
  68  4:32  Zergling x4  
  68  4:38  Zergling x2  
  71  4:42  Zergling x2  
  71  4:44  Zergling x2  
  73  4:48  Zergling x2  
  73  4:51  Overlord x3  
  73  5:13  Zergling x14  
  73  5:14  Zergling x2  
  78  5:19  Lair  
  77  5:23  Zergling x14  
  84  5:32  Zergling x8  
  84  5:34  Ravager  
  89  5:40  Zergling x2  
  83  5:45  Zergling x2  
  83  5:46  Zergling x4  
  77  5:50  Drone  
  77  5:51  Drone x2  
  72  5:57  Drone x7  
  72  6:02  Drone  
  74  6:07  Drone  
  74  6:09  Drone x2  
  74  6:12  Evolution Chamber  
  74  6:13  Evolution Chamber  
  72  6:19  Drone  
  72  6:21  Drone x4  
  75  6:26  Drone x4  
  75  6:32  Drone x3  
  78  6:35  Drone x2  
  78  6:37  Glial Reconstitution  
  78  6:38  Extractor x2  
  78  6:39  Extractor  
  74  6:40  Zerg Missile Weapons Level 1, Zerg Ground Armor Level 1, Roach  
  74  6:41  Extractor  
  74  6:43  Overseer  
  74  6:45  Roach x2  
  79  6:49  Roach  
  79  6:51  Overseer x2  
  81  7:00  Drone  
  82  7:01  Overlord x3  
  82  7:02  Roach  
  82  7:03  Roach x4  
  92  7:10  Overseer, Roach  
  92  7:13  Hatchery  
  93  7:16  Overlord  
  93  7:18  Roach x2  
  93  7:22  Roach x2  
  103  7:23  Roach  
  103  7:26  Roach x3  
  109  7:31  Roach  
  109  7:32  Roach  
  109  7:34  Overlord  
  112  7:39  Roach x3  
  112  7:43  Roach x2  
  122  7:45  Ravager x4  
  128  7:51  Roach  
  130  7:58  Roach x4  
  130  8:02  Ravager  
  131  8:10  Roach x4  
  131  8:21  Roach x3  
  131  8:26  Overlord x4  
  137  8:32  Overseer  
  137  8:37  Roach x3  
  143  8:46  Roach x6  
  155  8:54  Drone x6  
  161  9:01  Zerg Missile Weapons Level 2  
  161  9:05  Zerg Ground Armor Level 2  
  160  9:10  Drone x4  
  160  9:15  Ravager x2  
  166  9:17  Infestation Pit, Queen  
  166  9:24  Drone x2  
  169  9:27  Ravager x2  
  169  9:29  Drone x4  
  173  9:34  Overlord  
  173  9:35  Overlord x2  
  173  9:37  Overlord  
  154  9:46  Roach x6  
  154  9:48  Overseer  
  154  9:50  Roach  
  154  9:51  Roach x2  
  157  9:55  Roach  
  157  9:56  Roach x3  
  157  9:59  Roach x2  
  152  10:08  Roach x6  
  152  10:12  Roach  
  152  10:13  Roach x2  
  170  10:17  Drone x2, Extractor  
  170  10:18  Drone, Extractor  
  171  10:22  Drone x3  
  171  10:23  Roach  
  176  10:29  Roach  
  176  10:31  Ravager  
  176  10:32  Ravager x2  
  176  10:33  Overseer  
  181  10:36  Roach x6  
  181  10:37  Hive  
  195  10:43  Hydralisk Den, Roach x3  
  195  10:46  Overseer  
  196  10:57  Roach x2  
  196  11:02  Overseer  
  197  11:05  Roach x3  
  197  11:11  Roach x7  
  193  11:26  Roach x3  
  162  11:44  Zergling x12, Roach x10  
  162  11:45  Hatchery, Zergling x4, Roach x3  
  163  11:53  Roach x5  
  148  11:57  Roach x3  
  148  11:59  Ravager x3  
  151  12:02  Roach x3  
  151  12:03  Roach  
  151  12:07  Viper, Lurker Den  
  161  12:09  Viper  
  164  12:16  Zerg Ground Armor Level 3  
  164  12:19  Zerg Melee Weapons Level 1  
  164  12:20  Zergling x4  
  164  12:21  Zergling x2  
  167  12:26  Adrenal Glands  
  166  12:30  Zergling x2  
  166  12:31  Zergling x8  
  171  12:37  Zergling x2  
  171  12:38  Zergling x10  
  171  12:44  Overlord  
  171  12:46  Overlord  
  171  12:52  Overlord  
  171  12:53  Overlord  
  171  12:55  Hydralisk x4  
  174  13:04  Hydralisk x4  
  181  13:10  Drone  
  181  13:11  Seismic Spines  
  176  13:21  Lurker  
  176  13:23  Lurker x2  
  179  13:27  Drone x5  
  179  13:29  Spore Crawler  
  179  13:30  Lurker  
  179  13:31  Spore Crawler  
  183  13:34  Zergling x16  
  183  13:35  Zergling x6  
  183  13:38  Lurker x3  
  197  13:42  Lurker  
  198  13:52  Grooved Spines  
  198  14:02  Hydralisk x3  
  196  14:08  Adaptive Talons  
  166  14:18  Hydralisk x10  
  157  14:28  Drone x3  
  157  14:30  Zergling x2  
  157  14:31  Zergling x14  
  154  14:38  Lurker x3  
  154  14:41  Drone x5  
  159  14:51  Drone x5  
  161  14:54  Hydralisk x2  
  161  14:55  Hydralisk  
  165  15:08  Hydralisk x5  
Tags
 
Add a new tag
Caveats
  • Supply blocks, unpowered buildings, or Contaminate may cause inaccurate times.
  • Supply counts are checked every 10 seconds.